 Dungeon Crawl Stone Soup version 0.18-a0-1727-g7ae74ef (webtiles) character file.

876 Leibowitz the Spear-Bearer (level 8, -12/61 HPs)
             Began as a Merfolk Gladiator on Apr 10, 2016.
             Mangled by an orc warrior
             ... wielding a +0 hand axe
              (18 damage)
             ... on level 5 of the Dungeon.
             The game lasted 00:20:35 (4215 turns).

Leibowitz the Spear-Bearer (Merfolk Gladiator)      Turns: 4215, Time: 00:20:36

Health: -12/61     AC: 12    Str: 15    XL:     8   Next: 4%
Magic:  17/17      EV: 17    Int:  7    God:
Gold:   103        SH:  0    Dex: 17    Spells: 0 memorised, 7 levels left

rFire  . . .     SeeInvis .     a - +0 trident
rCold  . . .     Gourm    .     b - +0 leather armour
rNeg   . . .     Faith    .     (no shield)
rPois  .         Spirit   .     c - +0 helmet
rElec  .         Dismiss  .     (no cloak)
rCorr  .         Reflect  .     p - +1 pair of gloves
SustAt .         Harm     .     t - +0 pair of boots
MR     .....                    (no amulet)
Stlth  +.........               s - ring of magical power
                                l - +5 ring of protection

@: confused, lethally poisoned (-12 -> -33), not resistant to hostile
enchantments, very unstealthy
A: change form in water, swift swim
a: no special abilities


You were on level 5 of the Dungeon.
You were not hungry.

You visited 1 branch of the dungeon, and saw 5 of its levels.

You collected 103 gold pieces.

Inventory:

Hand Weapons
 a - a +0 trident (weapon)
Missiles
 d - 3 throwing nets (quivered)
Armour
 b - a +0 leather armour (worn)
 c - a +0 helmet (worn)
 p - a +1 pair of gloves (worn)
 t - a +0 pair of boots (worn)
Jewellery
 l - a +5 ring of protection (left hand)
 s - a ring of magical power (right hand)
Wands
 i - a wand of digging (18/24)
 u - a wand of iceblast (12/15)
Scrolls
 h - 4 scrolls of identify
 m - 4 scrolls of teleportation
 q - 2 scrolls of remove curse
Comestibles
 f - 2 bread rations
 g - 5 fruits
 j - a beef jerky
 k - a meat ration


   Skills:
 * Level 4.6 Fighting
 * Level 8.1 Polearms
 - Level 2.0 Throwing
 * Level 2.1 Armour
 * Level 7.9 Dodging
 + Level 1.9 Stealth


You had 7 spell levels left.
You didn't know any spells.

Dungeon Overview and Level Annotations

Branches:
Dungeon (5/15)             Temple (0/1) D:5

Altars:
Zin

Annotations:
D:4 Edmund
D:5 onwiheg's ghost, novice FoFi


Message History

You bump into the rock wall.
* * * LOW HITPOINT WARNING * * *
You feel very sick.
You hit the orc warrior but do no damage.
* * * LOW HITPOINT WARNING * * *
You feel sick.
You're too confused!
You aren't carrying any potions.
Unknown command.
Unknown command.
Unknown command.
You bump into the rock wall.
* * * LOW HITPOINT WARNING * * *
You feel sick.
The orc warrior hits you but does no damage.
You bump into the rock wall.
* * * LOW HITPOINT WARNING * * *
You feel sick.
The orc warrior hits you with a hand axe!!
You die...

**,** ************** **,** *
*,,,,,,,,,,,,** **,,,** *
*,******,**#..****,,,>,* * *,*
##,**,##..,,,,,,,,,* * ##.#
#..###.#.#****,,,,,* * #.$#
##...#.#.# **...** **
#..#*#.###o##.# *#.#* **,
#..#....o.#@#.# #.# *,*
#..#.....8###.# #.# **,
#..)...(...*#.# #.# **
#.)#.o###..##?### #.# *
#.o#.*##.#..#...# #.#
#..#*#8####...#.# #.######
#####..##.....###.#.#####.......
#...(.................>....#####
#.###(#.##..##..#.#..#####.#


You could see an orc warrior.

Vanquished Creatures
  Grinder (D:5)
  A sky beast (D:5)
  An ogre (D:4)
  A scorpion (D:4)
  A centaur skeleton (D:4)
  2 orc priests (D:5)
  2 hounds (D:4)
  3 orc wizards
  Ijyb (D:2)
  A worker ant (D:4)
  A worker ant zombie (D:5)
  7 adders
  4 oozes
  2 worms
  A dart slug (D:3)
  12 orcs
  9 bats
  A giant cockroach (D:2)
  14 goblins
  5 hobgoblins
  2 quokkas
  5 giant newts
  8 kobolds
  6 rats
91 creatures vanquished.

Notes
Turn   | Place    | Note
--------------------------------------------------------------
     0 | D:1      | Leibowitz the Merfolk Gladiator began the quest for the Orb.
     0 | D:1      | Reached XP level 1. HP: 16/16 MP: 1/1
    50 | D:1      | Reached XP level 2. HP: 22/22 MP: 2/2
   424 | D:1      | Reached skill level 5 in Polearms
   424 | D:1      | Reached XP level 3. HP: 23/28 MP: 3/3
   844 | D:2      | Noticed Ijyb
   875 | D:2      | Killed Ijyb
   875 | D:2      | Reached skill level 5 in Dodging
   875 | D:2      | Reached XP level 4. HP: 28/34 MP: 4/4
  1724 | D:2      | Reached skill level 6 in Polearms
  1788 | D:2      | Reached XP level 5. HP: 40/40 MP: 5/5
  2023 | D:3      | Found a glowing silver altar of Zin.
  2196 | D:4      | Reached skill level 1 in Armour
  2691 | D:4      | Reached skill level 1 in Stealth
  2691 | D:4      | Reached XP level 6. HP: 47/47 MP: 6/6
  3234 | D:4      | Noticed Edmund
  3283 | D:4      | Reached XP level 7. HP: 53/53 MP: 7/7
  3323 | D:4      | Reached skill level 7 in Polearms
  3495 | D:5      | Entered Level 5 of the Dungeon
  3495 | D:5      | Noticed onwiheg's ghost (novice FoFi)
  3697 | D:5      | Noticed Grinder
  3724 | D:5      | Killed Grinder
  3896 | D:5      | Reached XP level 8. HP: 15/61 MP: 8/8
  4138 | D:5      | Reached skill level 8 in Polearms
  4215 | D:5      | Mangled by an orc warrior

Vault maps used:
D:1:      dpeg_arrival_shelter, serial_glass, glass_columns_b, glass_columns_a,
          feat_on_display, minmay_strange_pillars, feat_on_display,
          feat_on_display, moated_statue
D:2:      uniq_iyjb
D:3:      zin_treasury, first_bread
D:4:      uniq_edmund
D:5:      minmay_temple_entry_enclosed_plants, guppyfry_early_orc_mine,
          uniq_grinder

Skill      XL: |  1  2  3  4  5  6  7  8 |
---------------+-------------------------+-----
Polearms       | 5 6 7 8 |  8.1
Dodging        | 5 6 7 |  7.9
Fighting       | 3 4 |  4.6
Armour         | 1 2 |  2.1
Stealth        | 1 |  1.9
Throwing       | |  2.0

Action                   |  1- 3 |  4- 6 |  7- 9 || total
-------------------------+-------+-------+-------++-------
Melee: Trident           |    93 |   246 |   119 ||   458
Throw: Throwing net      |       |     8 |     3 ||    11
Evoke: Wand              |       |       |     1 ||     1
  Use: Potion            |       |     2 |       ||     2
       Scroll            |       |       |     9 ||     9
 Stab: Sleeping          |       |     3 |       ||     3
       Held in net/web   |       |     2 |     2 ||     4
       Distracted        |       |       |     1 ||     1
  Eat: Chunk             |       |     8 |     3 ||    11
